Cogmind - Beta 16 @@@ ROGUE MODE // 2025.12.20 @ 21:57:51 Player: aloola Result: Destroyed by 2Y-GI6(R) with Subdweller Beam Cannon Performance ------------- Evolutions (0) 0 Regions Visited (2) 400 Robots Destroyed (30) 150 Value Destroyed (747) 747 Prototype IDs (14) 280 Alien Tech Used (0) 0 Bonus (0) 0 TOTAL SCORE: 1577 Bonus ------- None Cogmind --------- Core Integrity 0/250 Matter 270/300 Energy 100/100 System Corruption 0% Temperature Cool (9) Movement Core (400) Ox7 Location -10/Subcaves Parts ------- > --- POWER (1) -------- (None) > --- PROPULSION (2) --- (None) > --- UTILITY (2) ------ Large Storage Unit Sensor Array > --- WEAPON (2) ------- EM Pulse Gun > --- INVENTORY (15) --- Ion Engine Ion Engine Arachnoskeleton Huge Storage Unit Structural Scanner Seismic Detector Seismic Detector Core Shielding Light Armor Plating Makeshift Light Armor Plating EM Pulse Gun EM Pulse Gun Battle Rifle Peak State ------------ > --- POWER ------------ Ion Engine > --- PROPULSION ------- Light Treads Light Treads > --- UTILITY ---------- Large Storage Unit Sensor Array > --- WEAPON ----------- EM Pulse Gun Battle Cannon > --- INVENTORY -------- Ion Engine Arachnoskeleton Huge Storage Unit Structural Scanner Seismic Detector Seismic Detector Core Shielding Light Armor Plating Makeshift Light Armor Plating EM Pulse Gun EM Pulse Gun EM Pulse Gun EM Pulse Gun [Rating: 11] Favorites ----------- Power Ion Engine Engine Ion Engine Propulsion Light Treads Treads Light Treads Utility Large Storage Unit Device Seismic Detector Storage Large Storage Unit Protection Core Shielding Weapon EM Pulse Gun Energy Gun EM Pulse Gun Ballistic Gun Assault Rifle Ballistic Cannon Battle Cannon Build | -11 -10 -10 ------- Run | Yrd Mat Sub Slots Evolved . | . . . Power . | . . . Propulsion . | . . . Utility . | . . . Weapon . | . . . Parts Attached 24 | 7 11 6 Power 4 | 1 3 . Engine 4 | 1 3 . Core . | . . . Reactor . | . . . Propulsion 2 | 2 . . Treads 2 | 2 . . Leg . | . . . Wheel . | . . . Hover . | . . . Flight . | . . . Utility 7 | 2 2 3 Device 3 | 1 . 2 Storage 2 | 1 1 . Processor . | . . . Hackware . | . . . Protection 2 | . 1 1 Artifact . | . . . Weapon 11 | 2 6 3 Energy Gun 8 | 1 5 2 Energy Cannon . | . . . Ballistic Gun 2 | 1 1 . Ballistic Cannon 1 | . . 1 Launcher . | . . . Special Weapon . | . . . Impact Weapon . | . . . Slashing Weapon . | . . . Piercing Weapon . | . . . Special Melee Weapon . | . . . Unidentified Prototypes . | . . . Parts Lost 6 | . 2 4 Power . | . . . Propulsion 2 | . . 2 Utility . | . . . Weapon 4 | . 2 2 Highest Loss Streak 4 | . 2 4 To Critical Strikes 1 | . . 1 Average Backups 9 | 1 7 13 Power 1 | . 1 1 Propulsion . | . . . Utility 5 | . 4 7 Weapon 2 | . 1 3 Tool/Special . | . . . Unused Backups 16 | . 3 13 Power 3 | . 1 2 Propulsion 1 | . . 1 Utility 7 | . 1 6 Weapon 5 | . 1 4 Tool/Special . | . . . Average Slot Usage (%) 82 | . 99 58 Engine 9 | . 14 4 Treads 19 | . 28 7 Device 10 | . 9 12 Storage 14 | . 14 14 Protection 3 | . 4 1 Energy Gun 16 | . 16 15 Ballistic Gun 6 | . 11 . Peak Build Rating 11 | 7 8 11 Average Rating 7 | 5 7 6 On Entrance 5 | . 7 8 Avg Prop Armor Cover (%) . | . . . Naked Turns . | . . . Heaviest Build 31 | 11 30 31 Greatest Support 40 | 40 40 40 Greatest Overweight (x) 9 | . . 9 Average Overweight (x) 1 | . . 3 Largest Inventory Capacity 15 | 8 15 15 Average Capacity 11 | 7 9 15 Most Carried 15 | 4 15 15 Average Carried 10 | 1 7 14 Final Capacity 15 | 8 15 15 Final Carried 15 | 4 15 15 Class Distribution -------------------- 100% | Mutant Dominant Class ---------------- Mutant | -10/Materials Mutant | -10/Subcaves Resources | -11 -10 -10 ----------- Run | Yrd Mat Sub Matter Collected 563 | 281 187 95 Remotely . | . . . Salvage Created 1098 | 117 877 104 Parts 67 | 6 56 5 Haulers Intercepted . | . . . Recyclers Shooed 2 | 1 1 . Parts Field Recycled . | . . . Retrieved Matter . | . . . Parts Self-Destructed . | . . . Prevented . | . . . Parts Restored . | . . . Kills | -11 -10 -10 ------- Run | Yrd Mat Sub Combat Hostiles Destroyed 21 | . 19 2 Guns 17 | . 16 1 AOE 3 | . 3 . Classes Destroyed 8 | 2 5 1 Builder 1 | . 1 . Tunneler 2 | 2 . . Recycler 3 | 1 2 . Operator 2 | . 2 . Watcher 1 | . 1 . Swarmer 5 | . 5 . Grunt 14 | . 14 . Subdweller 2 | . . 2 Best Kill Streak 4 | 2 4 2 Combat Bots Only 3 | . 3 2 Max Kills in Single Turn 4 | 1 4 1 Gunslinging . | . . . Exploded 2 | . 2 . Melee . | . . . Uniques/NPCs Destroyed . | . . . Combat | -11 -10 -10 -------- Run | Yrd Mat Sub Hostile Shots Fired 100 | . 75 25 Missed 28 | . 23 5 Hits 72 | . 52 20 Projectile 72 | . 52 20 Critical Strikes 1 | . . 1 Damage Taken 1084 | . 679 405 Core 252 | . 141 111 Absorbed by Shields . | . . . Redirected to Shielding 37 | . 27 10 Core Remaining (%) 100 | 100 . . Volleys Fired 75 | 11 50 14 Largest 2 | 2 2 2 Hottest 80 | 60 80 80 Shots Fired 146 | 22 100 24 Gun 137 | 22 100 15 Cannon 9 | . . 9 Launcher . | . . . Special . | . . . Kinetic 51 | 11 31 9 Thermal 11 | 11 . . Explosive . | . . . Electromagnetic 84 | . 69 15 Robot Hit Streak 14 | 4 14 13 Robot Miss Streak 4 | 3 4 1 Penetration Max . | . . . Secondary Targets 5 | . 4 1 Max Gunslinging Chain 1 | . 1 1 Shots Hit Robots 102 | 13 70 19 Core Hits 42 | 4 35 3 Critical Kills . | . . . Critical Parts Destroyed 1 | 1 . . Critical Strikes 4 | 1 2 1 Destroy 1 | 1 . . Corrupt 3 | . 2 1 Melee Attacks . | . . . Impact . | . . . Slashing . | . . . Piercing . | . . . Sneak Attacks . | . . . Combat Hostiles . | . . . Follow-up Attacks . | . . . Damage Inflicted 1672 | 120 1305 247 Guns 1216 | 120 931 165 Cannons 82 | . . 82 Explosions 363 | . 363 . Melee . | . . . Ramming 11 | . 11 . Kinetic 399 | 43 274 82 Thermal 440 | 77 363 . Explosive . | . . . Electromagnetic 822 | . 657 165 Impact . | . . . Slashing . | . . . Piercing . | . . . Highest Corruption . | . . . Average Corruption . | . . . Corruption Purged . | . . . Corruption Blocked . | . . . Overload Shots . | . . . Overflow Damage 61 | . 61 . Projectiles . | . . . Explosions 61 | . 61 . Melee . | . . . Knockbacks . | . . . Impact . | . . . Kinetic . | . . . Secondary . | . . . Self-Inflicted Damage 108 | . 108 . Shots 2 | . 2 . Rammed 3 | . 3 . Targets Rammed 3 | . 3 . Kicked . | . . . Crushed . | . . . Highest Temperature 233 | 40 233 . Average Temperature 53 | 21 62 . Received Heat Transfer 372 | . 249 123 Effects 1 | . 1 . Energy Bleed 1 | . 1 . Siege Activations . | . . . Martial Activations . | . . . Shielding Activations . | . . . Robots Disrupted . | . . . Combat Hostiles . | . . . Robots Corrupted 1 | . . 1 Combat Hostiles 1 | . . 1 Parts Fried 4 | . 2 2 Impact Corruptions . | . . . Robots Melted . | . . . Combat Hostiles . | . . . Parts Melted 1 | . . 1 Heat Transferred 575 | 175 400 . Parts Sabotaged . | . . . Parts Stolen . | . . . Parts Stripped . | . . . Power Chain Reactions 2 | . 2 . Alert | -11 -10 -10 ------- Run | Yrd Mat Sub Maximum Alert Level 1 | . 1 . Low Security (%) 79 | 100 77 . Level 1 20 | . 22 . Level 2 . | . . . Level 3 . | . . . Level 4 . | . . . Level 5 . | . . . High Security . | . . . Max Security . | . . . Peak Influence 277 | 5 277 . Initial . | . . . Average 103 | 1 113 . Influence Increases 619 | 15 604 . Destroy 0b10 Robot/C 380 | . 380 . Destroy 0b10 Robot/NC 45 | 15 30 . Destroy Leader 72 | . 72 . Successful Hack 12 | . 12 . Disable Machine 45 | . 45 . Destroy Structure 35 | . 35 . Lose Combat Pursuer 30 | . 30 . Influence Decreases 619 | 15 455 149 Entered New Map 73 | . . 73 Time Decay 376 | 15 285 76 Lost Part 20 | . 20 . Purge Threat 150 | . 150 . Squads Dispatched 4 | . 4 . Investigation 2 | . 2 . Extermination . | . . . Reinforcement 2 | . 2 . Assault . | . . . Garrison . | . . . Intercept . | . . . Searches Triggered . | . . . Construction Impeded . | . . . Haulers Reinforced . | . . . Active Scanning Responses . | . . . Cargo Convoy Interrupts . | . . . Stealth | -11 -10 -10 --------- Run | Yrd Mat Sub Distress Signals 4 | . 4 . Communications Jammed . | . . . Distress Signals . | . . . Times Spotted 37 | . 34 3 Peak Tracking Total 5 | . 5 2 Tactical Retreats 2 | . 2 . Traps | -11 -10 -10 ------- Run | Yrd Mat Sub Traps Triggered 1 | . 1 . Indirectly . | . . . Trap Hack Attempts . | . . . Triggered . | . . . Disarmed . | . . . Reprogrammed . | . . . Reused . | . . . Traps Extracted . | . . . Installed . | . . . Triggered . | . . . Machines | -11 -10 -10 ---------- Run | Yrd Mat Sub Machines Disabled 4 | . 3 1 Max in Single Turn 2 | . 2 1 Machines Repaired . | . . . Machines Dismantled . | . . . Machines Sabotaged . | . . . Overloaded Fab Kills . | . . . Hacking | -11 -10 -10 --------- Run | Yrd Mat Sub Machines Accessed 8 | . 7 1 Terminals 5 | . 5 . Fabricators . | . . . Repair Stations . | . . . Recycling Units 2 | . 2 . Scanalyzers . | . . . Garrison Access . | . . . Total Hacks 24 | . 21 3 Successful 12 | . 9 3 Failed 12 | . 12 . Catastrophic . | . . . Database Lockouts . | . . . Manual 4 | . 4 . Terminals 14 | . 14 . Fabricators . | . . . Repair Stations . | . . . Recycling Units 7 | . 7 . Scanalyzers . | . . . Garrison Access . | . . . Terminal Hacks 9 | . 6 3 Record 2 | . . 2 Prototype ID Bank 1 | . 1 . Emergency Access Points 1 | . 1 . Alert Level 1 | . 1 . Unreport Threat 1 | . 1 . Locate Traps 2 | . 2 . Proto ID Catalog 1 | . . 1 Fabricator Hacks . | . . . Repair Station Hacks . | . . . Recycling Unit Hacks 2 | . 2 . Report Inventory 2 | . 2 . Scanalyzer . | . . . Garrison Access Hacks . | . . . Unauthorized Hacks 1 | . 1 . Terminals . | . . . Fabricators . | . . . Repair Stations . | . . . Recycling Units 1 | . 1 . Recyclers 1 | . 1 . Scanalyzers . | . . . Garrison Access . | . . . Data Cores Recovered . | . . . Used . | . . . Hacking Detections 4 | . 4 . Full Trace Events 1 | . 1 . Feedback Events . | . . . Feedback Blocked . | . . . Robot Schematics Acquired . | . . . Robots Built . | . . . Authchips . | . . . Time . | . . . Total Robot Build Rating . | . . . Part Schematics Acquired . | . . . Parts Built . | . . . Authchips . | . . . Time . | . . . Total Part Build Rating . | . . . Part Studies Acquired . | . . . Parts Repaired . | . . . Time . | . . . Parts Recycled . | . . . Recycled Matter . | . . . Retrieved Matter . | . . . Retrieved Components . | . . . Parts Scanalyzed . | . . . Part Schematics Acquired . | . . . Parts Damaged . | . . . Bothacking | -11 -10 -10 ------------ Run | Yrd Mat Sub Used RIF Installer . | . . . Robots Hacked . | . . . Non-combat . | . . . Combat . | . . . Robot Hacks Applied . | . . . Relay Couplers Released . | . . . Fabnet Peak Effective % . | . . . Robots Rewired . | . . . Allies Hacked . | . . . Hacks Repelled . | . . . Allies | -11 -10 -10 -------- Run | Yrd Mat Sub Total Allies . | . . . Largest Group . | . . . Highest-Rated Group . | . . . Highest-Rated Ally . | . . . Total Orders . | . . . Ally Attacks . | . . . Total Damage . | . . . Kills . | . . . Allies Corrupted . | . . . Allies Melted . | . . . Intel | -11 -10 -10 ------- Run | Yrd Mat Sub Active Infowar (turns) 1763 | 59 846 858 Sensors 858 | . . 858 Seismic 905 | 59 846 . Robot Analysis Total . | . . . Derelict Logs Recovered 1 | . . 1 Drone Launches . | . . . Drone Recoveries . | . . . Exploration | -11 -10 -10 ------------- Run | Yrd Mat Sub Turns Passed 2375 | 126 1305 944 Spaces Moved 897 | 53 549 295 Core 170 | 6 . 164 Treads 727 | 47 549 131 Legs . | . . . Wheels . | . . . Hover . | . . . Flight . | . . . Fastest Speed 50 | 50 160 160 Average Speed 203 | 147 160 293 Slowest Speed 500 | 160 160 500 Overloaded Moves . | . . . Propulsion Burnouts . | . . . Robots Hopped . | . . . Potential Cave-ins . | . . . Cave-ins Triggered . | . . . Exploration Rate (%) 38 | 5 91 19 Regions Visited 2 Branch Regions 1 Pre-discovered Areas . | . . . Known Exits Taken . | . . . Unknown Exits Taken 2 | 1 1 . Scrap Searched 2 | . . 2 Spaces Dug . | . . . Terrain Destroyed 36 | . 36 . Melee . | . . . Projectile . | . . . AOE 36 | . 36 . Terrain Rammed . | . . . Walls Destroyed . | . . . Machines Disabled . | . . . Actions | -11 -10 -10 --------- Run | Yrd Mat Sub Total 1310 | 78 879 353 Wait 262 | 4 236 22 Move 895 | 52 548 295 Hop . | . . . Pick Up 24 | 4 17 3 Fast Attach 11 | 7 1 3 Attach 5 | . 3 2 Detach 5 | . 1 4 Swap 12 | . 9 3 Drop 18 | . 11 7 Fire 75 | 11 50 14 Melee . | . . . Ram . | . . . Kick . | . . . Crush 3 | . 3 . Escape Stasis . | . . . Rewire . | . . . Trap . | . . . Miscellaneous . | . . . Route ------- -11/Scrapyard -10/Materials (discovered 6 exits: [*Mat x3] / [*Min x2] / *Sub) -10/Subcaves History --------- Turn | Location | Event 3 | -11/Scrapyard | Discovered new exit (range 15) 127 | -11/Scrapyard | Entered Materials 314 | -10/Materials | Build established: Mutant 602 | -10/Materials | Discovered new exit (range 11) 719 | -10/Materials | Discovered new exit (range 8) 1042 | -10/Materials | Core integrity fell below 50% 1082 | -10/Materials | Discovered new exit (range 11) 1260 | -10/Materials | Discovered new exit (range 16) 1325 | -10/Materials | Discovered new exit (range 14) 1421 | -10/Materials | Discovered new exit (range 7) 1432 | -10/Materials | Entered Subcaves 1433 | -10/Subcaves | Approached by a straggling Scientist 1557 | -10/Subcaves | Visited 4L-MR0's lab 1583 | -10/Subcaves | Found Arachnoskeleton 1685 | -10/Subcaves | Core integrity fell below 20% 1713 | -10/Subcaves | Lost 4 parts (2n2w) 1938 | -10/Subcaves | Learned Materials trap positions 2376 | -10/Subcaves | Destroyed by 2Y-GI6(R) with Subdweller Beam Cannon Last Messages --------------- 01684_ 1M-FYM(R) destroyed. 01684_ Switching to secondary target: 7A-GBJ(R). 87-ATY(c): "I think it's somewhere northwest of here" 01690_ 7A-GBJ(R) affixes Scrap Shield Fragment to Scrap Shield. 01697_ 7A-GBJ(R) system terminally corrupted. 01697_ Sub. Monowheel melted. 01697_ Sub. Optics fried. 01697_ Disposable Heat Sink fried. 01699_ Acquired 35 matter. 87-ATY(c): "I think it's somewhere northwest of here" 01805_ Dropped Sensor Array. 01806_ Acquired Mak. System Restoration Module. 01807_ Discarded Mak. System Restoration Module. 01812_ Acquired Sensor Array. 87-ATY(c): "I think it's somewhere west of here" 01900_ Dropped EM Pulse Gun. 01901_ Acquired Battle Rifle. 01938_ Acquired derelict log, extracted data. Data stored: Materials trap records. 87-ATY(c): "I think it's somewhere west of here" Map ----- +----------------------------------------------------+ | | | | | | | ?????????????????????????????????????????????????? | | ?????????????????????????????????????????????????? | | ?????????????????????????????????????????????????? | | ?????????????????????????????????????????????????? | | ?????????????????????????????????????????????????? | | ?????????????????????????????????????????????????? | | ?????????????????????????????????????????????????? | | ?????????????????????????????????????????????????? | | ?????????????????????????????????????????????????? | | ?????????????????????????????????????????????????? | | ?????????????????????????????????????????????????? | | ?????????????????????????????????????????????????? | | ?????????????????????????????????????????????????? | | ?????????????????????????????????????????????????? | | ???????????????????????#####?????????????????????? | | ??????????????????????## #?????????????????????? | | ??????????????????????# ?????????????????????? | | ??????????????????????# #?????????????????????? | | ?????????????????????## ###?????????##????????? | | ????????????????????## ###??????# #????????? | | ????????????????????? ##????? ##### ???? | | ??????????????????????? ##???? ??? | | ????????????????????????#@ #???# ??? | | ???????????????????????## #??# ??? | | ??????????????????????## ### #?? ???? | | ?????????????????????## c### ### #????? | | ?????????????????????# R ##??? | | ?????????????????????## ## | | ?????????????????????#< ## | | ???????????????????# ### # | | ???????????????????# #< #?## #? | | ???????????????????### #??## #?? | | ???????????????????? ???# #??? | | ???????????????????## ?## ###??? | | ????????????????????##### ## #????? | | ????????????????????????######## #???? | | #????????????????????????????## ### #???? | | ######??????######?#####?????# ##?? #???? | | ######## ### ####??# ##??? #???? | | ## # # * #### #???? ##???? | | ##???? ####????? | | ##????? #???????? | | # # ### ## ##??????? ???????? | | ##### #?# ##### ##???????? #??????? | | # ##??# #?# #??# ##????????? ##??????? | | # ##?## #? #??###?????????? ###???????? | | # ##?## ##??????????????? #?????????? | +----------------------------------------------------+ Best States ------------- Heat Dissipation 25 Energy Generation 10 Energy Capacity 250 Matter Stores 300 Matter Capacity 300 Sight Range 16 Robot Scan Range 14 Terrain Scan Density 10 Core Shielding 20 Evasion (%) 40 Recoil Reduction 2 Item Schematics ----------------- None Robot Schematics ------------------ None Fabricated ------------ Nothing Repaired ---------- Nothing Studied --------- None Alien Tech Used ----------------- None Achievements -------------- Mistaken Identity Challenges ------------ None Game ------ Seed LongswordDeliveryBlade Manual? 0 Play Time 00:24:37 Cumulative 151.5 hours Start 2025.12.20 @ 21:36:20 End 2025.12.20 @ 21:57:51 Sessions 1 Manual Loads 0 Difficulty Rogue Special Mode None Game No. 65 Rogue 65 Adventurer 0 Explorer 0 Win Type - Total 10 Types 10/0/0/0/0/0/0/0/0/0 Lore% 69 Gallery% 63 Achievement% 33 Wizard Run 0 Options --------- Layout 0 ASCII 0 Keyboard 1 Movement Numpad Keybinds 0 Fullscreen 1 Font 18/Cog Map View 76x50 Zoom Use 0% Tactical HUD 1 Map Filters NONE Filters NONE Steam 1 RUN: f5a79ba7-0dd9-4ea4-88f0-4b8fb044dbc0